 Dungeon Crawl Stone Soup version 0.21.0-25-ge575cb9ce8 (webtiles) character file.

2545 bartorex the Ruffian (level 9, -12/85 HPs)
             Began as a Troll Fighter on Jan 23, 2018.
             Mangled by a shadow (31 damage)
             ... on level 8 of the Dungeon on Jan 24, 2018.
             The game lasted 01:09:18 (4903 turns).

bartorex the Ruffian (Troll Fighter)                Turns: 4903, Time: 01:09:18

Health: -12/85     AC:  5    Str: 27    XL:     9   Next: 30%
Magic:  9/9        EV: 10    Int:  5    God:
Gold:   367        SH:  9    Dex: 10    Spells: 8/10 levels left

rFire    . . .     SeeInvis .     - Unarmed
rCold    . . .     Gourm    +   b - +0 shield
rNeg     . . .     Faith    .   e - +0 robe
rPois    .         Spirit   .   (helmet restricted)
rElec    .         Reflect  .   (no cloak)
rCorr    +         Harm     .   (gloves unavailable)
MR       .....                  (boots unavailable)
Stlth    +.........             (no amulet)
HPRegen  0.64/turn              l - ring of resist corrosion
MPRegen  0.11/turn              (no ring)

@: flayed, slowed, very slow
A: large, unfitting armour, claws 3, fast metabolism 3, gourmand, regeneration
1, shaggy fur 1, tough skin 2
a: no special abilities


You were on level 8 of the Dungeon.
You were near starving.

You visited 2 branches of the dungeon, and saw 9 of its levels.

You collected 367 gold pieces.

Inventory:

Hand Weapons
 f - a +1 short sword
Missiles
 i - 6 large rocks (quivered)
Armour
 a - a +0 robe
 b - a +0 shield (worn)
 e - a +0 robe (worn)
 k - a +0 helmet
 m - a +0 scale mail
 p - a +0 robe
Jewellery
 h - an uncursed amulet of guardian spirit
 l - a ring of resist corrosion (left claw)
 t - an uncursed ring of ice
 w - the amulet "Zeoloyke" {Spirit rPois rC+++ Int-3 Dex-3}
   (You found it on level 5 of the Dungeon)

   [amulet of guardian spirit]

   It causes incoming damage to be split between your health and magic.
   It affects your intelligence (-3).
   It affects your dexterity (-3).
   It renders you almost immune to cold.
   It protects you from poison.
Scrolls
 g - 3 scrolls of identify
 s - 2 scrolls of remove curse
 u - 3 scrolls of teleportation
 y - 2 scrolls of enchant armour {unknown}
 C - a scroll of magic mapping
 D - a scroll of fog
Potions
 c - 2 potions of might
 d - 2 potions of mutation {unknown}
 j - 6 potions of haste
 n - 3 potions of degeneration {unknown}
 q - a potion of heal wounds {unknown}
 x - a potion of agility
 B - a potion of cancellation {unknown}
Books
 r - a book of Fire

   Spells                             Type                      Level
   a - Ignite Poison                  Fire/Transmutation/Poison    3
   b - Fireball                       Conjuration/Fire             5
   c - Bolt of Fire                   Conjuration/Fire             6
   d - Ring of Flames                 Charms/Fire                  7
   e - Ignition                       Fire                         8
 v - a book of Minor Magic

   Spells                             Type                      Level
   a - Magic Dart                     Conjuration                  1
   b - Blink                          Translocation                2
   c - Call Imp                       Summoning                    2
   d - Slow                           Hexes                        2
   e - Conjure Flame                  Conjuration/Fire             3
   f - Mephitic Cloud                 Conjuration/Poison/Air       3
 E - a book of Cantrips

   Spells                             Type                      Level
   a - Confusing Touch                Hexes                        1
   b - Animate Skeleton               Necromancy                   1
   c - Summon Small Mammal            Summoning                    1
   d - Apportation                    Translocation                1
Comestibles
 A - 6 rations


   Skills:
 * Level 4.5 Fighting
 * Level 6.2 Dodging
 - Level 1.0 Stealth
 - Level 4.3 Shields
 - Level 7.0 Unarmed Combat
 - Level 1.0 Spellcasting
 - Level 3.0 Translocations


You had 8 spell levels left.
You knew the following spells:

 Your Spells              Type           Power        Failure   Level  Hunger
a - Blink                 Tloc           N/A          50%         2    ###....


Dungeon Overview and Level Annotations

Branches:
Dungeon (8/15)             Temple (1/1) D:6
   Lair: D:8-11

Altars:
Cheibriados
Fedhas
Gozag
Kikubaaqudgha
Nemelex Xobeh
Ru
Sif Muna
Trog
Uskayaw
Vehumet
Wu Jian
Xom
Yredelemnul
Zin
The Shining One

Shops:
D:4 (

Annotations:
D:5 1 runed door
D:8 1 transporter


Innate Abilities, Weirdness & Mutations

You are too large for most types of armour.
You have claws for hands.
Your metabolism is lightning-fast.
You like to eat raw meat.
Your natural rate of healing is unusually fast.
You are covered in fur. (AC +1)
You have very tough skin. (AC +2)


Message History

The wraith drains your vigour!
You feel as though you will be slow longer.
The wraith barely misses you.
You feel better. The wraith barely misses you.
The flayed ghost cries, "Feel what I felt!"
The wraith barely misses you.
You mangle the wraith!!
You destroy the wraith!
You completely miss the flayed ghost. You block the flayed ghost's attack.
You closely miss the flayed ghost. The flayed ghost closely misses you.
You closely miss the flayed ghost. The hungry ghost hits you.
You are near starving!
The flayed ghost barely misses you. The hungry ghost hits you.
You feel somewhat more hungry. The flayed ghost hits you!!
* * * LOW HITPOINT WARNING * * *
The flayed ghost stares at you with tortured malice.
All of the chunks of flesh in your inventory have rotted away.
The shadow strikes at you from the darkness!
You die...

.........................#.......
......#############..............
###...#..........©#...##.#.###...
#.#.#[..........#...# .# ###...
#.#.#$.###.###..#...# .# #....
###.#.#_.#8#.#8#..#...# # #...#
......#(..........#...# #....
###..©#⌠....©.....#©..##.# .....#
##..#}.......{@.#..h...###..#.#
##.#_.#8#.#8#..#.###### #..#.#
##.#$.###.###..#.# #.....
#..#?....W..W..#.# #.# .#
#..#.........(.#.#
####..#############.#
......†.............#
#####################


You could see a flayed ghost and a hound.

Vanquished Creatures
  A centaur skeleton (D:7)
  The ghost of Merkknight the Chopper, an amateur MiBe of Trog (D:4)
  Prince Ribbit (D:7)
  A shadow (D:8)
  A wraith (D:8)
  2 phantoms
  2 centaurs
  Blork the orc (D:5)
  2 bullfrogs
  3 scorpions
  2 jellies (D:7)
  5 hounds
  2 orc priests
  A centaur zombie (D:6)
  A gnoll shaman (D:7)
  2 iguanas
  An orc wizard (D:8)
  5 worker ants
  Natasha (thrice) (D:2)
  A killer bee zombie (D:7)
  2 hound skeletons
  5 gnolls (D:7)
  9 adders
  2 adder zombies
  4 adder skeletons
  A worm (D:5)
  2 dart slugs (D:1)
  5 leopard geckos
  7 orcs
  A ball python (D:4)
  A giant cockroach (D:7)
  6 goblins
  6 hobgoblins
  9 jackals
  3 quokkas
  3 bats (D:3)
  4 frilled lizards
  4 kobolds
  A leopard gecko skeleton (D:3)
  A quokka skeleton (D:4)
  5 rats
119 creatures vanquished.

Notes
Turn   | Place    | Note
-------+----------+-------------------------------------------
     0 | D:1      | bartorex the Troll Fighter began the quest for the Orb.
     0 | D:1      | Reached XP level 1. HP: 22/22 MP: 0/0
   239 | D:1      | Reached XP level 2. HP: 29/29 MP: 1/1
   768 | D:2      | Found a shimmering altar of Xom.
   769 | D:2      | Noticed an angel
   770 | D:2      | Found a glowing silver altar of Zin.
   779 | D:2      | Noticed Natasha
   788 | D:2      | Killed Natasha
   788 | D:2      | Reached XP level 3. HP: 18/36 MP: 0/2
   868 | D:2      | Noticed Natasha
   877 | D:2      | Killed Natasha
   877 | D:2      | Reached XP level 4. HP: 45/45 MP: 3/3
  1054 | D:2      | Found a bloodstained altar of Trog.
  1060 | D:2      | Noticed Natasha
  1077 | D:2      | Killed Natasha
  1077 | D:2      | Reached skill level 3 in Unarmed Combat
  1244 | D:3      | Reached XP level 5. HP: 53/53 MP: 4/4
  1542 | D:4      | Noticed Merkknight's ghost (amateur MiBe)
  1632 | D:4      | Killed Merkknight's ghost
  1632 | D:4      | Reached skill level 4 in Unarmed Combat
  1632 | D:4      | Reached XP level 6. HP: 33/61 MP: 3/5
  1775 | D:3      | Reached skill level 5 in Unarmed Combat
  2065 | D:4      | Reached XP level 7. HP: 53/67 MP: 3/6
  2167 | D:4      | Found a radiant altar of Vehumet.
  2406 | D:4      | Found Jaidegg's Antique Weapon Shoppe.
  2629 | D:5      | Entered Level 5 of the Dungeon
  2693 | D:5      | Reached skill level 6 in Unarmed Combat
  2729 | D:5      | Got a fine lead amulet
  2732 | D:5      | Identified the amulet "Zeoloyke" {Spirit rPois rC+++ Int-3 Dex-3} (You found it on level 5 of the Dungeon)
  2735 | D:5      | Noticed Blork the orc
  2751 | D:5      | Killed Blork the orc
  2772 | D:5      | Found a runed door.
  2772 | D:5      | Found a glowing golden altar of the Shining One.
  2772 | D:5      | Noticed an angel
  3210 | D:6      | Reached skill level 1 in Spellcasting
  3210 | D:6      | Reached XP level 8. HP: 75/75 MP: 8/8
  3231 | D:6      | Learned a level 2 spell: Blink
  3300 | D:6      | Found a staircase to the Ecumenical Temple.
  3818 | Temple   | Entered the Ecumenical Temple
  3963 | D:7      | Reached skill level 1 in Stealth
  3963 | D:7      | Reached skill level 7 in Unarmed Combat
  3963 | D:7      | Reached skill level 1 in Translocations
  4221 | D:7      | Noticed Prince Ribbit
  4263 | D:7      | Killed Prince Ribbit
  4263 | D:7      | Reached skill level 5 in Dodging
  4538 | D:7      | Reached XP level 9. HP: 39/84 MP: 9/9
  4716 | D:8      | Found a transporter.
  4795 | D:8      | Found a transporter.
  4815 | D:8      | Found an ancient bone altar of Kikubaaqudgha.
  4815 | D:8      | Noticed a flayed ghost
  4829 | D:8      | Found a basalt altar of Yredelemnul.
  4903 | D:8      | Mangled by a shadow

Skill      XL: |  1  2  3  4  5  6  7  8  9 |
---------------+----------------------------+-----
Fighting       | 3 4 |  4.5
Dodging        | 3 4 5 6 |  6.2
Shields        | 3 4 |  4.3
Unarmed Combat | 3 4 5 6 7 |  7.0
Spellcasting   | 1 |  1.0
Stealth        | 1 |  1.0
Translocations | 3 |  3.0

Action                   |  1- 3 |  4- 6 |  7- 9 || total
-------------------------+-------+-------+-------++-------
Melee: Unarmed           |    55 |    78 |   273 ||   406
       Short sword       |       |    11 |       ||    11
  Use: Scroll            |     2 |     1 |     5 ||     8
       Potion            |       |       |     6 ||     6
 Stab: Sleeping          |       |       |     2 ||     2
  Eat: Ration            |     2 |     2 |     3 ||     7
       Chunk             |       |     4 |    15 ||    19
Armor: Robe              |    13 |    10 |    43 ||    66
Dodge: Dodged            |    19 |    23 |    85 ||   127
Block: Shield            |    25 |    25 |   105 ||   155
